 Dungeon Crawl Stone Soup version 0.29-a0-409-gd843f3a48c (webtiles) character file.

Game seed: 13503805637985159206

231 jlumianski the Chopper (level 5, -3/41 HPs)
             Began as a Demonspawn Fighter on May 13, 2022.
             Slain by a gnoll
             ... wielding a +0 spear
             ... led by a gnoll shaman
              (4 damage)
             ... on level 6 of the Dungeon.
             The game lasted 00:08:02 (1565 turns).

jlumianski the Chopper (Demonspawn Fighter)         Turns: 1565, Time: 00:08:03

Health: -3/41      AC:  6    Str: 19    XL:     5   Next: 72%
Magic:  5/8        EV: 11    Int:  9    God:
Gold:   41         SH:  4    Dex: 12    Spells: 7/8 levels left

rFire   . . .      SeeInvis +   a - +0 war axe
rCold   . . .      Faith    .   c - +0 buckler
rNeg    . . .      Spirit   .   f - +3 leather armour
rPois   .          Reflect  .   (no helmet)
rElec   .          Harm     .   (no cloak)
rCorr   +          Rampage  .   (no gloves)
Will    .....                   (no boots)
Stlth   +.........              (no amulet)
HPRegen 0.13/turn               j - ring of resist corrosion
MPRegen 0.22/turn               m - ring of see invisible

@: mighty, very slightly contaminated
A: magic regeneration, demonic magic 2
a: no special abilities


You were on level 6 of the Dungeon.
You visited 1 branch of the dungeon, and saw 8 of its levels.

You collected 41 gold pieces.

Inventory:

Hand Weapons
 a - a +0 war axe (weapon)
 q - a +1 flail of protection
Missiles
 e - 42 stones (quivered)
Armour
 b - a +0 scale mail
 c - a +0 buckler (worn)
 f - a +3 leather armour (worn)
Jewellery
 j - a ring of resist corrosion (left hand)
 m - a ring of see invisible (right hand)
Scrolls
 g - a scroll of enchant armour {unknown}
 i - 3 scrolls of identify {unknown}
 k - a scroll of teleportation {unknown}
 p - a scroll of enchant weapon {unknown}
Potions
 d - a potion of might
 h - a potion of attraction {unknown}
 l - a potion of degeneration {unknown}
 n - a potion of ambrosia {unknown}
 o - a potion of curing {unknown}


   Skills:
 + Level 3.5 Fighting
 + Level 3.6 Axes
 + Level 3.1 Armour
 + Level 0.9 Dodging
 + Level 0.5 Stealth
 + Level 3.0 Shields
 + Level 2.0 Spellcasting
 + Level 1.0 Summonings


You had 7 spell levels left.
You knew the following spells:

 Your Spells              Type           Power      Damage    Failure   Level
a - Summon Small Mammal   Summ           8%         N/A       34%         1

Your spell library contained the following spells:

 Spells                   Type           Power      Damage    Failure   Level
 Animate Skeleton         Necr           0%         N/A       45%         1
 Apportation              Tloc           0%         N/A       45%         1


Dungeon Overview and Level Annotations

Branches:
Dungeon (8/15)
 Temple: D:4-7         Lair: D:8-11

Altars:

Annotations:
D:6 1 transporter, ptdevnull's ghost, novice DjWz


Innate Abilities, Weirdness & Mutations

You regenerate magic rapidly.
Spells you cast may paralyse nearby enemies.


Message History

The centaur closely misses you.
The helpless white imp fails to defend itself.
You slash the white imp!
You kill the white imp!
You hit the centaur.
The gnoll is no longer paralysed.
The centaur hits you.
* * * LOW HITPOINT WARNING * * *
You block the centaur's attack. The gnoll hits you but does no damage.
The gnoll closely misses you.
Your rat barely misses the centaur.
The centaur hits you but does no damage.
The centaur closely misses you. The gnoll barely misses you.
The gnoll shaman hits your rat but does no damage.
The gnoll barely misses you.
Your Spellcasting skill increases to level 2!
You feel very mighty all of a sudden. The centaur completely misses you.
The centaur kicks you.
* * * LOW HITPOINT WARNING * * *
Your rat barely misses the centaur.
You block the gnoll's attack.
The gnoll shaman hits your rat with a +0 club!
Your rat dies!
Your rat's corpse disappears in a puff of smoke!
The gnoll hits you but does no damage.
Casting: Summon Small Mammal (safe; 34% risk of failure)
Confirm with . or Enter, or press ? or * to list all spells.
Malevolent energies surge around you. The centaur barely misses you. x2
The centaur hits you but does no damage.
The centaur barely misses you. You block the gnoll's attack.
The gnoll barely misses you.
You slash the gnoll shaman!
The gnoll shaman is moderately wounded.
You closely miss the centaur. The centaur hits you.
* * * LOW HITPOINT WARNING * * *
The centaur kicks you.
* * * LOW HITPOINT WARNING * * *
The gnoll shaman misses you.
The gnoll hits you from afar with a +2 halberd of protection.
* * * LOW HITPOINT WARNING * * *
The centaur hits you but does no damage.
You block the centaur's attack.
The gnoll hits you from afar with a +0 spear.
You die...

#...5.#.##.#.#
5.#.#...#..#.# .#
.W#.#...#.##.# .#
#.5.....#.##.# #.##
###?..###.##.## ...#
..#####...##..# ...#
...[........#.#####...#
#..########...ggg.....##
..## ###..gc@r.....# ###
#...gg#####......
#..#...# ..... ...##...#
.#.) ###....#g# # ♣
...####g####### ##
#.......# #.#####..


g.g You could see a centaur (ally target), a gnoll shaman, 5 gnolls and a
friendly rat (summoned).

Vanquished Creatures
  A bullfrog (D:6)
  2 hounds
  An iguana (D:6)
  An orc wizard (D:8)
  A gnoll (D:6)
  A white imp (D:6)
  A worm (D:2)
  A dart slug (D:1)
  2 orcs (D:7)
  A ball python (D:1)
  3 bats
  An endoplasm (D:3)
  5 giant cockroaches
  2 goblins (D:1)
  5 hobgoblins
  2 quokkas
  2 frilled lizards (D:2)
  2 kobolds (D:1)
  6 rats
40 creatures vanquished.

Vanquished Creatures (others)
  8 plants (D:8)
8 creatures vanquished.

Grand Total: 48 creatures vanquished

Notes
Turn   | Place    | Note
-------+----------+-------------------------------------------
     0 | D:1      | jlumianski the Demonspawn Fighter began the quest for the
                  | Orb.
     0 | D:1      | Reached XP level 1. HP: 18/18 MP: 1/1
   188 | D:1      | Gained mutation: You regenerate magic rapidly. [demonic
                  | ancestry]
   188 | D:1      | Reached XP level 2. HP: 24/24 MP: 2/2
   494 | D:2      | Reached XP level 3. HP: 28/29 MP: 3/3
   767 | D:4      | Learned a level 1 spell: Summon Small Mammal
   776 | D:5      | Entered Level 5 of the Dungeon
   793 | D:6      | Noticed a bullfrog
   817 | D:8      | Noticed an orc warrior
   858 | D:7      | Gained mutation: Spells you cast may paralyse adjacent
                  | enemies. [demonic ancestry]
   858 | D:7      | Reached XP level 4. HP: 29/35 MP: 2/4
  1079 | D:6      | Killed a bullfrog
  1080 | D:6      | Gained mutation: Spells you cast may paralyse nearby
                  | enemies. [demonic ancestry]
  1080 | D:6      | Reached XP level 5. HP: 5/41 MP: 3/6
  1091 | D:6      | Noticed ptdevnull's ghost (novice DjWz)
  1097 | D:6      | HP: 1/41 [iguana (7)]
  1101 | D:6      | Reached skill level 1 in Spellcasting
  1447 | D:6      | Found a transporter.
  1474 | D:6      | Reached skill level 1 in Summonings
  1546 | D:6      | Noticed a centaur
  1565 | D:6      | HP: 1/41 [gnoll/+2 halberd of protection[a gnoll shaman]
                  | (3)]
  1565 | D:6      | Slain by a gnoll

Illustrated notes

Levels and vault maps discovered:
D:1:      dpeg_arrival_pond, layout_loops_ring
D:2:      layout_rooms
D:3:      layout_loops_ring, okawaru_metal_pillars_1_2,
          gammafunk_ghost_abyssal_escape, chequers_ecumenical_altar_island,
          serial_shops, shop
D:4:      layout_loops_corners, lemuel_round_altar, nicolae_vehumet_radiance,
          mainiacjoe_overflow_brackets, mainiacjoe_overflow_catwalk,
          ashenzari_altar_1, minmay_temple_entry_antechambers
D:5:      layout_basic, mainiacjoe_overflow_six_doors_small,
          mainiacjoe_overflow_chevrons, kennysheep_mini_moat, serial_shops,
          nicolae_shop_hallway_plus, amcnicky_mini_corridor_feature, uniq_ijyb,
          uniq_menkaure
D:6:      layout_rooms, gammafunk_ghost_stat_death, nicolae_shop_self_help,
          uniq_eustachio, uniq_crazy_yiuf_cottage, uniq_grinder
D:7:      layout_loops_ring, mainiacjoe_overflow_alcove_4,
          kennysheep_another_room, kennysheep_potato
D:8:      layout_basic, serial_shops, shop_statue, minmay_shattered_shrine

Skill      XL: |  1  2  3  4  5 |
---------------+----------------+-----
Axes           | 2 3 |  3.6
Armour         | 3 |  3.1
Shields        | 3 |  3.0
Spellcasting   | 2 |  2.0
Summonings     | 1 |  1.0
Fighting       | |  3.5
Dodging        | |  0.9
Stealth        | |  0.5

Action                   |  1- 3 |  4- 6 || total
-------------------------+-------+-------++-------
Melee: War axe           |    95 |    38 ||   133
 Cast: Summon Small Mamm |     3 |    11 ||    14
  Use: Potion            |       |     1 ||     1
 Stab: Paralysed         |       |     5 ||     5
Armor: Leather armour    |    52 |    30 ||    82
       Scale mail        |     1 |       ||     1
Dodge: Dodged            |    65 |    46 ||   111
Block: Buckler           |    23 |    21 ||    44

Table legend: (Time is in decaauts)
 A = Elapsed time spent in this place.
 B = Non-inter-level travel time spent in this place.
 C = Inter-level travel time spent in this place.
 D = Time resting spent in this place.
 E = Time spent auto-exploring this place.
 F = Levels seen in this place.
 G = Mean time per level.
                   A        B        C        D        E       F      G
               +--------+--------+--------+--------+--------+-----+--------+
         Total |   1621 |   1621 |      0 |    452 |    341 |   8 |  202.6 |
       Dungeon |   1621 |   1621 |      0 |    452 |    341 |   8 |  202.6 |
               +--------+--------+--------+--------+--------+-----+--------+

Top non-repeatable levels by time:
     D:6: 529 daAuts
     D:1: 502 daAuts
     D:7: 198 daAuts
     D:2: 195 daAuts
     D:3: 89 daAuts
     D:8: 62 daAuts
     D:4: 25 daAuts
     D:5: 17 daAuts
